 Dungeon Crawl Stone Soup version 0.16.1-16-gc44b35d (webtiles) character file.

4536 Siriah the Martial Artist (level 10, -5/86 HPs)
             Began as a Red Draconian Monk on Apr 18, 2015.
             Was an Elder of Nemelex Xobeh.
             Slain by a raven (7 damage)
             ... summoned by the player character
             ... on level 8 of the Dungeon.
             The game lasted 00:31:53 (7341 turns).

Siriah the Martial Artist (Red Draconian Monk)      Turns: 7341, Time: 00:31:54

Health: -5/86      AC: 12    Str: 24    XL:     10   Next: 17%
Magic:  13/13      EV: 18    Int: 11    God:    Nemelex Xobeh [****..]
Gold:   413        SH:  6    Dex: 16    Spells: 0 memorised, 9 levels left

rFire  + . .     SeeInvis .       - Unarmed
rCold  . . .     Clarity  .     (armour unavailable)
rNeg   . . .     SustAb   .     o - +1 buckler
rPois  +         Gourm    .     y - +2 hat (curse)
rElec  .         Spirit   .     (no cloak)
rCorr  .         Warding  .     w - +2 pair of gloves
rMut   .         Stasis   .     (no boots)
MR     .....                    S - amulet of faith
Stlth  ++........               (no ring)
                                (no ring)

@: immense fortitude, slowed, very slow, not resistant to hostile enchantments,
unstealthy
A: breathe fire, unfitting armour, fire resistance 1, poison resistance,
cold-blooded, AC +7
a: Breathe Fire, Triple Draw, Deal Four, Renounce Religion


You were on level 8 of the Dungeon.
You worshipped Nemelex Xobeh.
Nemelex Xobeh was greatly pleased with you.
You were not hungry.

You visited 1 branch of the dungeon, and saw 8 of its levels.

You collected 539 gold pieces.
You spent 126 gold pieces at shops.

Inventory:

Hand weapons
 b - a +1 hand crossbow
Missiles
 i - 4 javelins (quivered)
 p - 41 bolts
Armour
 o - a +1 buckler (worn)
 w - a +2 pair of gloves (worn)
 y - a cursed +2 hat (worn)
Jewellery
 A - an uncursed ring of teleportation
 S - an amulet of faith (around neck)
Magical devices
 a - a wand of paralysis (13)
 f - a wand of fireball (7)
 C - a wand of confusion (3)
 G - a wand of magic darts (15)
 I - a wand of flame (33)
 M - a wand of digging (12)
 N - a wand of fire (9)
 P - a wand of enslavement (11)
 Q - a wand of hasting (5)
 T - a wand of magic darts (25)
Scrolls
 l - 3 scrolls of remove curse
 t - 3 scrolls of identify
 D - 4 scrolls of teleportation
 E - 2 scrolls of blinking
 H - a scroll of magic mapping
Potions
 c - 5 potions of heal wounds {unknown}
 e - a potion of poison {unknown}
 k - a potion of ambrosia {unknown}
 m - 3 potions of agility {unknown}
 n - a potion of cure mutation {unknown}
 q - a potion of cancellation
 r - a potion of resistance
 x - a potion of berserk rage {unknown}
 z - 6 potions of curing {unknown}
 J - a potion of lignification {unknown}
 L - a potion of invisibility
 R - a potion of might
Miscellaneous
 u - a legendary deck of war
 v - an ornate deck of war {drawn: 7}
 O - a plain deck of war {drawn: 6}
Comestibles
 d - 9 fruits
 g - 2 slices of pizza
 h - 3 beef jerkies
 j - 2 poisonous chunks of flesh
 s - 5 meat rations
 B - 5 bread rations
 F - 9 royal jellies


   Skills:
 + Level 7.1 Fighting
 + Level 2.9 Crossbows
 + Level 8.5 Dodging
 + Level 4.1 Stealth
 + Level 4.2 Shields
 + Level 8.8 Unarmed Combat
 + Level 2.2 Evocations


You had 9 spell levels left.
You didn't know any spells.

Dungeon Overview and Level Annotations

Branches:
Dungeon (8/15)             Temple (0/1) D:6
   Lair: D:8-11

Altars:
Ashenzari
Elyvilon
Nemelex Xobeh
Ru
Vehumet
Xom
Yredelemnul
Zin

Shops:
D:4 ?   D:7 (

Annotations:
D:8 Gastronok


Innate Abilities, Weirdness & Mutations

You can breathe blasts of fire.
Your fiery red scales are hard (AC +7).
Your body does not fit into most forms of armour.
Your flesh is heat resistant.
Your cold-blooded metabolism reacts poorly to cold.
Your system is resistant to poisons.


Message History

* * * LOW HITPOINT WARNING * * *
You block the raven's attack. The raven misses you. The raven pecks you.
The raven closely misses you. The raven completely misses you.
The raven closely misses you.
Read which item? (? for menu, Esc to quit)
Okay, then.
You punch the raven!
Your tail-slap misses the raven.
The raven is moderately wounded.
Your raven pecks Gastronok!
Your raven claws Gastronok.
The raven misses you. The raven barely misses you. The raven misses you.
The raven claws you!
* * * LOW HITPOINT WARNING * * *
The raven barely misses you. The raven claws you but does no damage.
Your raven pecks Gastronok!
Your raven claws Gastronok.
The orc warrior throws a stone.
The stone barely misses your raven. The stone completely misses you.
Your raven is smitten.
The raven completely misses you. The raven barely misses you.
The raven pecks you!
You die...
Your body glows with a rainbow of weird colours and disappears.

.## ##.#.###.# #.o.# .. ## #.#
#...# # #.# #...# #.#
#.###wb.##### . ..#
##...........#.##<. ###
..............>.!... .
..#....vv.....# ... ..##.# #.b@#
##.## ...... #.bb## ... #.##.#
##.###v## #.# # #.##.# #.#
##.######.#### #.##.##.# #.#
#...#.......#### #.......# #.##
##........##..<..
####.#..###..###..#.#.#.(#######
###................#.#.#....#
.......####............#.####


You could see Gastronok, 3 ravens, an orc warrior, an insubstantial wisp, a
friendly raven and 2 friendly insubstantial wisps.

Vanquished Creatures
  A queen bee (D:8)
  The ghost of Typee the Grave Robber, an experienced DENe (D:4)
  Eustachio (D:4)
  Grum (D:8)
  A hippogriff (D:8)
  Edmund (D:5)
  Menkaure (D:7)
  2 wolves (D:8)
  3 orc warriors
  2 sky beasts (D:7)
  2 ogres
  A phantom (D:4)
  3 centaurs
  Blork the orc (D:4)
  2 giant frogs
  3 scorpions
  5 killer bees (D:8)
  5 wights (D:6)
  2 crimson imps
  Dowan (D:7)
  A goliath beetle (D:6)
  A giant frog zombie (D:8)
  A jelly (D:5)
  2 orc priests
  2 hounds
  2 centaur skeletons
  3 orc wizards
  2 iguanas
  3 giant frog skeletons (D:5)
  3 worker ants
  A hound skeleton (D:5)
  11 gnolls
  13 adders
  A shadow imp (D:8)
  2 worms
  An adder zombie (D:6)
  6 giant geckos
  13 orcs
  A bat skeleton (D:5)
  5 giant cockroaches
  14 hobgoblins
  5 quokkas
  2 ball pythons
  20 bats
  6 giant newts
  7 goblins
  16 jackals
  A jackal zombie (D:5)
  11 kobolds
  2 orc zombies (D:8)
  8 rats
205 creatures vanquished.

Vanquished Creatures (collateral kills)
  2 sky beasts
  An ice beast (D:6)
  A centaur (D:6)
  An ogre (D:6)
  Duvessa (D:7)
  5 killer bees (D:8)
  2 orc wizards (D:6)
  A gnoll (D:7)
  An adder (D:6)
  A shadow imp (D:6)
  5 orcs (D:6)
  A giant cockroach (D:7)
  A hobgoblin (D:6)
  2 rats (D:6)
25 creatures vanquished.

Vanquished Creatures (others)
  A faun (D:8)
  A raiju (D:8)
  A basilisk (D:8)
  A vampire mosquito (D:8)
  A dancing weapon (D:6)
  An ice beast (D:8)
  2 killer bees (D:8)
  2 centaurs (D:8)
  A giant frog (D:6)
11 creatures vanquished.

Grand Total: 241 creatures vanquished

Notes
Turn   | Place    | Note
--------------------------------------------------------------
     0 | D:1      | Siriah, the Draconian Monk, began the quest for the Orb.
     0 | D:1      | Reached XP level 1. HP: 19/19 MP: 1/1
   158 | D:1      | Reached XP level 2. HP: 17/26 MP: 2/2
   619 | D:2      | Reached XP level 3. HP: 7/31 MP: 3/3
  1269 | D:2      | Reached XP level 4. HP: 29/40 MP: 4/4
  1774 | D:3      | Found a shimmering altar of Xom.
  1775 | D:3      | Found a shattered altar of Ashenzari.
  1973 | D:3      | Reached skill level 5 in Unarmed Combat
  2005 | D:3      | Found a white marble altar of Elyvilon.
  2164 | D:3      | Reached XP level 5. HP: 42/46 MP: 5/5
  2892 | D:4      | Noticed an ogre
  2901 | D:4      | Killed an ogre
  2901 | D:4      | Reached XP level 6. HP: 52/52 MP: 6/6
  3114 | D:4      | Reached skill level 1 in Shields
  3159 | D:4      | Reached skill level 6 in Unarmed Combat
  3349 | D:4      | Noticed Blork the orc
  3362 | D:4      | Killed Blork the orc
  3362 | D:4      | Reached skill level 5 in Dodging
  3362 | D:4      | Your scales start taking on a fiery red colour.
  3362 | D:4      | Gained mutation: Your flesh is heat resistant. [draconian maturity]
  3362 | D:4      | Reached XP level 7. HP: 53/60 MP: 7/7
  3424 | D:4      | Noticed Eustachio
  3436 | D:4      | Killed Eustachio
  3571 | D:4      | Found a sparkling altar of Nemelex Xobeh.
  3601 | D:4      | Became a worshipper of Nemelex Xobeh the Trickster
  3601 | D:4      | Received a gift from Nemelex Xobeh
  3601 | D:4      | Received a gift from Nemelex Xobeh
  3601 | D:4      | Received a gift from Nemelex Xobeh
  3628 | D:4      | Found Kappunlo's Magic Scroll Shoppe.
  3634 | D:4      | Bought a scroll of teleportation for 36 gold pieces
  3634 | D:4      | Bought a scroll of blinking for 90 gold pieces
  3645 | D:4      | Reached skill level 1 in Crossbows
  3667 | D:4      | Noticed Typee's ghost (experienced DENe)
  3685 | D:4      | Killed Typee's ghost
  3685 | D:4      | Reached skill level 5 in Fighting
  3685 | D:4      | Reached XP level 8. HP: 46/68 MP: 8/8
  4019 | D:5      | Entered Level 5 of the Dungeon
  4315 | D:5      | Noticed Edmund
  4320 | D:5      | Killed Edmund
  4493 | D:5      | Reached skill level 7 in Unarmed Combat
  4573 | D:5      | Found a radiant altar of Vehumet.
  5084 | D:5      | Gained mutation: Your system is resistant to poisons. [mutagenic meat]
  5141 | D:6      | Reached XP level 9. HP: 44/77 MP: 9/9
  5330 | D:6      | Received a gift from Nemelex Xobeh
  5465 | D:6      | Found a staircase to the Ecumenical Temple.
  5698 | D:6      | Found a glowing silver altar of Zin.
  5699 | D:6      | Found a basalt altar of Yredelemnul.
  5886 | D:7      | Reached skill level 8 in Unarmed Combat
  5919 | D:7      | Noticed Duvessa
  5923 | D:7      | Noticed Dowan
  5925 | D:7      | Killed Duvessa
  5928 | D:7      | Killed Dowan
  5998 | D:7      | Acquired Nemelex Xobeh's first power
  6003 | D:7      | Found Suruarad's Antique Weapon Shoppe.
  6209 | D:7      | Received a gift from Nemelex Xobeh
  6289 | D:7      | Noticed Menkaure
  6292 | D:7      | Killed Menkaure
  6292 | D:7      | Reached skill level 1 in Evocations
  6367 | D:7      | Found a sacrificial altar of Ru.
  6821 | D:8      | Noticed Grum
  6879 | D:8      | Killed Grum
  6915 | D:8      | Acquired Nemelex Xobeh's second power
  6926 | D:8      | Reached XP level 10. HP: 83/86 MP: 13/13
  7056 | D:8      | Identified a scroll of acquirement
  7335 | D:8      | Noticed Gastronok
  7341 | D:8      | HP: 2/86 [raven[the player character] (8)]
  7341 | D:8      | Slain by a raven

Action                   |  1- 3 |  4- 6 |  7- 9 | 10-12 || total
-------------------------+-------+-------+-------+-------++-------
Melee: Unarmed           |   139 |   202 |   407 |    56 ||   804
 Fire: Hand crossbow     |       |     4 |    24 |       ||    28
Throw: Javelin           |    13 |    17 |    18 |     1 ||    49
 Abil: Breathe Fire      |       |       |    19 |     1 ||    20
Evoke: Deck              |       |       |    20 |     4 ||    24
       Wand              |       |       |     4 |     2 ||     6
  Use: Scroll            |       |     9 |     7 |     3 ||    19
       Potion            |       |     1 |       |     1 ||     2
 Stab: Sleeping          |     2 |     2 |     7 |       ||    11
       Confused          |       |       |     1 |     1 ||     2
       Distracted        |       |       |     1 |       ||     1
  Eat: Chunk             |     1 |     7 |    17 |     1 ||    26
